 Dungeon Crawl Stone Soup version 0.30-a0-743-gbfdf073431 (webtiles) character file.

Game seed: 6794350462637883349

211 epen the Skirmisher (level 5, -1/38 HPs)
             Began as a Gnoll Wanderer on Feb 5, 2023.
             Slain by a goblin
             ... wielding a +0 club
             ... led by Robin
              (4 damage)
             ... on level 3 of the Dungeon.
             The game lasted 00:02:39 (2040 turns).

epen the Skirmisher (Gnoll Wanderer)                Turns: 2040, Time: 00:02:40

Health: -1/38      AC:  3    Str: 10    XL:     5   Next: 88%
Magic:  14/14      EV: 12    Int: 12    God:
Gold:   142        SH:  0    Dex: 14    Spells: 17/18 levels left

rFire   . . .      SeeInvis .    a - +2 sling
rCold   . . .      Faith    .    (no shield)
rNeg    . . .      Spirit   .    d - +0 robe
rPois   .          Reflect  .    (no helmet)
rElec   .          Harm     .    (no cloak)
rCorr   .          Rampage  .    t - +0 pair of gloves
Will    .....                    (no boots)
Stlth   ++                       (no amulet)
HPRegen 0.26/turn                (no ring)
MPRegen 0.14/turn                (no ring)

@: no status effects
A: fangs 1, strong nose, distributed training
a: no special abilities


You were on level 3 of the Dungeon.
You visited 1 branch of the dungeon, and saw 3 of its levels.

You collected 142 gold pieces.

Inventory:

Hand Weapons
 a - a +2 sling (weapon)
Armour
 d - a +0 robe (worn)
 t - a +0 pair of gloves (worn)
Scrolls
 e - 3 scrolls of poison
 f - 2 scrolls of teleportation {unknown}
 g - 3 scrolls of fog {unknown}
 h - a scroll of amnesia {unknown}
 k - 2 scrolls of enchant weapon {unknown}
 l - a scroll of magic mapping {unknown}
 n - 3 scrolls of identify {unknown}
 o - 2 scrolls of butterflies {unknown}
 q - a scroll of vulnerability {unknown}
 v - a scroll of brand weapon {unknown}
Potions
 j - a potion of magic
 p - a potion of mutation {unknown}
 r - 3 potions of heal wounds {unknown}
 s - 2 potions of haste {unknown}
 u - a potion of lignification {unknown}


   Skills:
 + Level 1.7 Fighting
 + Level 1.7 Short Blades
 + Level 1.7 Long Blades
 + Level 1.7 Axes
 + Level 1.7 Maces & Flails
 + Level 1.7 Polearms
 + Level 1.7 Staves
 + Level 8.7 Ranged Weapons
 + Level 1.7 Throwing
 + Level 1.7 Armour
 + Level 1.7 Dodging
 + Level 1.7 Stealth
 + Level 1.7 Shields
 + Level 1.7 Unarmed Combat
 + Level 7.3 Spellcasting
 + Level 1.3 Conjurations
 + Level 1.3 Hexes
 + Level 1.3 Summonings
 + Level 1.3 Necromancy
 + Level 1.3 Translocations
 + Level 1.3 Transmutations
 + Level 1.3 Fire Magic
 + Level 1.3 Ice Magic
 + Level 1.3 Air Magic
 + Level 1.3 Earth Magic
 + Level 1.3 Poison Magic
 + Level 3.2 Invocations
 + Level 4.9 Evocations


You had 17 spell levels left.
You knew the following spells:

 Your Spells              Type           Power      Damage    Failure   Level
a - Foxfire               Conj/Fire      28%        2x1d5     9%          1

Your spell library contained the following spells:

 Spells                   Type           Power      Damage    Failure   Level
 Stone Arrow              Conj/Erth      14%        3d7       26%         3


Dungeon Overview and Level Annotations

Branches:
Dungeon (3/15)

Altars:
Gozag
Zin

Shops:
D:3 =

Annotations:
D:3 Robin


Innate Abilities, Weirdness & Mutations

You have very sharp teeth.
Your uncanny sense of smell can sniff out nearby items.
Your experience applies equally to all skills.


Message History

The sling bullet closely misses the hobgoblin.
Robin roars a battlecry!
The goblins go into a battle-frenzy!
The goblin hits you with a +0 dagger. The hobgoblin barely misses you.
The goblin barely misses you. The goblin hits you with a +0 club.
You shoot a sling bullet. The sling bullet hits the hobgoblin.
The hobgoblin is lightly wounded.
The goblin hits you with a +0 dagger. The hobgoblin hits you.
The goblin barely misses you. x2
The air fills with toxic fumes!
As you read the scroll labelled POOFAK YNKER, it crumbles to dust.
It was a scroll of poison.
The goblin hits you with a +0 dagger.
* * * LOW HITPOINT WARNING * * *
The hobgoblin misses you. The goblin hits you with a +0 club.
* * * LOW HITPOINT WARNING * * *
The goblin closely misses you.
You feel better.
Robin says, "A pitiful Gnoll like you will never find the ORB!"
The goblin hits you but does no damage. The hobgoblin closely misses you.
The goblin hits you with a +0 club. The goblin misses you.
It was a potion of flight.
You feel very buoyant.
You fly up into the air.
The goblin hits you but does no damage. The hobgoblin barely misses you.
The goblin hits you with a +0 club.
* * * LOW HITPOINT WARNING * * *
The goblin closely misses you.
It was a potion of magic.
Magic courses through your body.
Robin laughs in a distinctly smug fashion.
The goblin hits you but does no damage.
The hobgoblin hits you but does no damage.
The goblin closely misses you. The goblin misses you.
It was a potion of cancellation.
Your magical effects are unravelling.
You feel magically purged.
You float gracefully downwards.
The goblin hits you with a +0 dagger.
* * * LOW HITPOINT WARNING * * *
The hobgoblin hits you.
* * * LOW HITPOINT WARNING * * *
The goblin closely misses you. The goblin hits you with a +0 club.
You die...

## #.######## # #.#
# # #####
#..'##########+
#.##§§§§§§§gg§#
######.##§§§§§§§@gg#
.......##§§♣♣♣♣♣♣g§#
######.##..♣ §§#
#.##..♣ g§# #.##..♣
§§# #.##..♣ §§#
#.##..♣ §§# #†##...
§§# #.. ∆


You could see Robin, a hobgoblin (strong) and 4 goblins.

Vanquished Creatures
  Pargi (D:3)
  An orc priest (D:3)
  3 adders
  A worm (D:2)
  A dart slug (D:2)
  2 orcs (D:3)
  5 endoplasms
  3 giant cockroaches
  6 goblins (D:3)
  8 hobgoblins
  5 kobolds
  2 quokkas (D:1)
  2 ball pythons
  6 bats
  2 frilled lizards
  3 rats
51 creatures vanquished.

Vanquished Creatures (others)
  5 foxfires
5 creatures vanquished.

Grand Total: 56 creatures vanquished

Notes
Turn   | Place    | Note
-------+----------+-------------------------------------------
     0 | D:1      | epen the Gnoll Wanderer began the quest for the Orb.
     0 | D:1      | epen set off with the following items: a +2 sling, a wand
                  | of flame (6), a potion of curing, a +0 robe; and the
                  | following spell memorised: Foxfire; and the following
                  | spells available to memorise: Stone Arrow.
     0 | D:1      | Reached XP level 1. HP: 13/13 MP: 8/8
   388 | D:1      | Reached XP level 2. HP: 19/19 MP: 10/10
   817 | D:2      | Found an opulent altar of Gozag.
   907 | D:2      | Reached XP level 3. HP: 22/25 MP: 11/11
  1023 | D:2      | Reached skill level 1 in Fighting
  1023 | D:2      | Reached skill level 1 in Short Blades
  1023 | D:2      | Reached skill level 1 in Long Blades
  1023 | D:2      | Reached skill level 1 in Axes
  1023 | D:2      | Reached skill level 1 in Maces & Flails
  1023 | D:2      | Reached skill level 1 in Polearms
  1023 | D:2      | Reached skill level 1 in Staves
  1023 | D:2      | Reached skill level 1 in Throwing
  1023 | D:2      | Reached skill level 1 in Armour
  1023 | D:2      | Reached skill level 1 in Dodging
  1023 | D:2      | Reached skill level 1 in Stealth
  1023 | D:2      | Reached skill level 1 in Shields
  1023 | D:2      | Reached skill level 1 in Unarmed Combat
  1390 | D:3      | Found Goshregh's Jewellery Shop.
  1425 | D:3      | Reached XP level 4. HP: 32/32 MP: 13/13
  1454 | D:3      | Noticed Pargi
  1467 | D:3      | Killed Pargi
  1468 | D:3      | Reached skill level 1 in Conjurations
  1468 | D:3      | Reached skill level 1 in Hexes
  1468 | D:3      | Reached skill level 1 in Summonings
  1468 | D:3      | Reached skill level 1 in Necromancy
  1468 | D:3      | Reached skill level 1 in Translocations
  1468 | D:3      | Reached skill level 1 in Transmutations
  1468 | D:3      | Reached skill level 1 in Fire Magic
  1468 | D:3      | Reached skill level 1 in Ice Magic
  1468 | D:3      | Reached skill level 1 in Air Magic
  1468 | D:3      | Reached skill level 1 in Earth Magic
  1468 | D:3      | Reached skill level 1 in Poison Magic
  1468 | D:3      | Reached XP level 5. HP: 15/37 MP: 12/14
  1925 | D:3      | Found a glowing silver altar of Zin.
  2031 | D:3      | Noticed Robin
  2040 | D:3      | Slain by a goblin

Illustrated notes

Levels and vault maps discovered:
D:1:      dpeg_cavernosity, layout_basic,
          nicolae_concentric_dashed_squares_mild, minivault_25
D:2:      layout_basic, basic_altar, minmay_pentomino_pile
D:3:      layout_loops_ring, mainiacjoe_overflow_surrounded_room, serial_shops,
          shop, amethyst_killhole, hangedman_decor_clover_reticule,
          grunt_ministairs_10, kennysheep_pointless_box, minivault_11,
          uniq_pargi, uniq_robin

Skill      XL: |  1  2  3  4 |
---------------+-------------+-----
Fighting       | 1 |  1.7
Short Blades   | 1 |  1.7
Long Blades    | 1 |  1.7
Axes           | 1 |  1.7
Maces & Flails | 1 |  1.7
Polearms       | 1 |  1.7
Staves         | 1 |  1.7
Throwing       | 1 |  1.7
Armour         | 1 |  1.7
Dodging        | 1 |  1.7
Stealth        | 1 |  1.7
Shields        | 1 |  1.7
Unarmed Combat | 1 |  1.7
Conjurations   | 1 |  1.3
Hexes          | 1 |  1.3
Summonings     | 1 |  1.3
Necromancy     | 1 |  1.3
Translocations | 1 |  1.3
Transmutations | 1 |  1.3
Fire Magic     | 1 |  1.3
Ice Magic      | 1 |  1.3
Air Magic      | 1 |  1.3
Earth Magic    | 1 |  1.3
Poison Magic   | 1 |  1.3
Invocations    | 3 |  3.2
Ranged Weapons | |  8.7
Spellcasting   | |  7.3
Evocations     | |  4.9

Action                     |  1- 3 |  4- 6 || total
---------------------------+-------+-------++-------
   Fire: Sling             |    90 |    52 ||   142
   Cast: Foxfire           |     1 |     2 ||     3
  Evoke: Wand              |       |     6 ||     6
    Use: Potion            |       |     4 ||     4
         Scroll            |       |     1 ||     1
 Armour: Robe              |     8 |     8 ||    16
  Dodge: Dodged            |    22 |    42 ||    64

Table legend: (Time is in decaauts)
 A = Elapsed time spent in this place.
 B = Non-inter-level travel time spent in this place.
 C = Inter-level travel time spent in this place.
 D = Time resting spent in this place.
 E = Time spent auto-exploring this place.
 F = Levels seen in this place.
 G = Mean time per level.
                   A        B        C        D        E       F      G
               +--------+--------+--------+--------+--------+-----+--------+
         Total |   2035 |   1997 |     38 |      0 |   1758 |   3 |  678.3 |
       Dungeon |   2035 |   1997 |     38 |      0 |   1758 |   3 |  678.3 |
               +--------+--------+--------+--------+--------+-----+--------+

Top non-repeatable levels by time:
     D:1: 816 daAuts
     D:3: 655 daAuts
     D:2: 563 daAuts
